AoeStats
← jsvos123

Arena

508505241Analyzed
4v4 RM · 8d ago on Sep 22, 2026· 82m 31s· 8 players
Game mode
Random Map
Map size
Large (8 player)
Population
200
Speed
Normal
Resources
Standard
Victory
Conquest
Starting age
Dark Age
Ending age
Imperial Age
RankedLock teamsTeams togetherTeam positionsShared explorationLock speedFull tech treeHidden civsTurbo modeCheats
Victory
Defeat
🇦🇷 Franks · Argentina
1143
+17
🇪🇸 Spanish · Spain
1139
+17
🇺🇸 Sicilians · United States
1117
+18
🇹🇷 Byzantines · Türkiye
1102
+19
🇳🇱 Britons · Netherlands
1204
-19
🇸🇪 Bohemians · Sweden
1199
-20
🇳🇱 Khmer · Netherlands
1154
-17
🇬🇧 Romans · United Kingdom
1108
-15
LuvDaBiebz
5:09 Loom
21:24 Feudal Age
22:42 Double-Bit Axe
27:04 Castle Age
27:12 Horse Collar
27:58 Heavy Plow
28:09 Bow Saw
38:00 First Crusade
37:36 Gold Mining
38:31 Scale Mail Armor
39:30 Chain Mail Armor
39:39 Forging
44:11 Imperial Age
43:49 Wheelbarrow
44:05 Bloodlines
43:57 Husbandry
44:03 Scale Barding Armor
45:15 Conscription
44:19 Cavalier
45:23 Chain Barding Armor
46:34 Hand Cart
47:47 Hauberk
48:24 Plate Barding Armor
48:24 Iron Casting
50:50 Crop Rotation
51:24 Blast Furnace
51:32 Caravan
52:07 Town Watch
54:34 Light Cavalry
58:51 Elite Serjeant
60:03 Plate Mail Armor
61:42 Onager
72:52 Chemistry
71:58 Siege Engineers
71:18 Siege Onager
75:19 Town Patrol
KZA
11:00 Feudal Age
11:55 Loom
12:14 Double-Bit Axe
14:43 Castle Age
28:36 Imperial Age
26:31 Scale Barding Armor
26:37 Forging
27:25 Husbandry
30:55 Wheelbarrow
31:07 Cavalier
32:07 Chain Barding Armor
32:23 Iron Casting
34:09 Hand Cart
35:06 Plate Barding Armor
39:28 Blast Furnace
43:40 Paladin
47:55 Bow Saw
50:41 Fletching
52:22 Light Cavalry
61:25 Heavy Scorpion
64:01 Ballistics
64:42 Chemistry
65:44 Pikeman
66:24 Squires
66:10 Gambesons
66:26 Scale Mail Armor
67:36 Bodkin Arrow
67:41 Padded Archer Armor
67:36 Bodkin Arrow
68:00 Elite Skirmisher
72:43 Murder Holes
74:39 Chemistry
78:08 Caravan
Jesulito123
3:37 Loom
11:09 Feudal Age
15:34 Castle Age
13:57 Double-Bit Axe
13:53 Horse Collar
16:24 Bow Saw
21:20 Heavy Plow
23:17 Wheelbarrow
27:55 Imperial Age
26:02 Bloodlines
25:41 Town Watch
26:00 Gold Mining
26:51 Forging
26:45 Husbandry
28:07 Scale Barding Armor
28:14 Stone Mining
29:21 Hand Cart
31:21 Iron Casting
30:08 Cavalier
31:32 Stone Shaft Mining
31:00 Caravan
31:07 Fletching
31:38 Chain Barding Armor
32:06 Murder Holes
32:35 Conscription
32:52 Bodkin Arrow
33:22 Ballistics
35:33 Chemistry
34:16 Paladin
37:58 Blast Furnace
37:34 Plate Barding Armor
39:33 Bracer
39:34 Padded Archer Armor
39:35 Light Cavalry
41:02 Scale Mail Armor
43:33 Leather Archer Armor
43:34 Chain Mail Armor
44:15 Thumb Ring
49:50 Ring Archer Armor
49:50 Plate Mail Armor
51:33 Elite Skirmisher
52:32 Elite Skirmisher
Indomitable
10:25 Feudal Age
11:18 Double-Bit Axe
11:21 Loom
12:57 Horse Collar
18:25 Castle Age
20:30 Scale Barding Armor
25:27 Gold Mining
25:28 Stone Mining
25:56 Bow Saw
27:51 Chain Barding Armor
30:49 Imperial Age
29:46 Wheelbarrow
30:23 Forging
32:01 Iron Casting
33:10 Fletching
33:50 Bodkin Arrow
34:39 Logistica
34:50 Conscription
35:18 Plate Barding Armor
35:02 Heavy Plow
39:32 Crop Rotation
40:57 Gold Shaft Mining
40:57 Stone Shaft Mining
40:44 Elite Cataphract
43:30 Two-Man Saw
44:08 Bracer
47:05 Hand Cart
50:06 Caravan
52:12 Hoardings
51:54 Padded Archer Armor
56:57 Husbandry
60:22 Light Cavalry
63:03 Hussar
jsvos123
4:57 Loom
10:19 Feudal Age
13:53 Town Watch
15:28 Fletching
21:17 Castle Age
22:43 Horse Collar
23:03 Double-Bit Axe
25:32 Heavy Plow
26:34 Wheelbarrow
26:17 Bow Saw
26:18 Gold Mining
27:38 Scale Mail Armor
28:50 Chain Mail Armor
28:46 Forging
28:18 Pikeman
35:36 Imperial Age
33:10 Arson
34:23 Forging
36:16 Halberdier
38:01 Crop Rotation
38:11 Conscription
43:32 Gold Shaft Mining
45:58 Iron Casting
45:29 Scale Barding Armor
45:20 Bodkin Arrow
45:26 Murder Holes
45:54 Ballistics
45:45 Fortified Wall
46:50 Chemistry
55:38 Blast Furnace
54:59 Chain Barding Armor
54:40 Bracer
65:21 Plate Barding Armor
66:43 Bloodlines
66:34 Husbandry
65:55 Light Cavalry
69:03 Hussar
scarabe
11:55 Feudal Age
16:31 Castle Age
15:58 Loom
16:05 Double-Bit Axe
16:03 Horse Collar
16:15 Town Watch
21:51 Fervor
25:12 Imperial Age
26:39 Pikeman
28:27 Chemistry
29:00 Wheelbarrow
30:14 Halberdier
32:54 Forging
32:35 Fletching
32:50 Town Watch
33:22 Hand Cart
36:57 Illumination
38:18 Scale Mail Armor
38:54 Iron Casting
39:43 Block Printing
39:51 Chain Mail Armor
40:54 Squires
42:03 Blast Furnace
42:00 Plate Mail Armor
55:58 Bow Saw
68:17 Arson
68:55 Heavy Plow
Donkerzs
11:37 Feudal Age
9:56 Loom
11:46 Feudal Age
13:17 Double-Bit Axe
19:16 Castle Age
18:31 Fletching
19:27 Horse Collar
21:01 Gold Mining
21:24 Bow Saw
24:20 Gold Shaft Mining
27:20 Forging
27:08 Crossbowman
28:00 Bodkin Arrow
28:06 Padded Archer Armor
30:23 Wheelbarrow
34:13 Imperial Age
32:54 Leather Archer Armor
33:54 Ballistics
33:01 Pikeman
33:42 Squires
34:22 Halberdier
36:11 Bracer
36:47 Iron Casting
37:51 Conscription
37:42 Scale Mail Armor
41:02 Blast Furnace
41:18 Elite Longbowman
42:54 Chain Mail Armor
45:46 Stone Mining
46:38 Ring Archer Armor
46:40 Crossbowman
49:56 Chemistry
48:52 Guard Tower
49:04 Arbalester
55:20 Keep
54:31 Arrowslits
54:30 Treadmill Crane
55:00 Masonry
58:54 Warwolf
67:00 Elite Skirmisher
70:00 Plate Mail Armor
72:46 Arson
74:51 Murder Holes
75:26 Architecture
79:25 Hand Cart
Farrix
12:02 Feudal Age
16:13 Castle Age
14:03 Man-at-Arms
18:48 Forging
19:08 Long Swordsman
24:27 Squires
24:30 Scale Mail Armor
25:40 Iron Casting
25:11 Double-Bit Axe
26:53 Wheelbarrow
28:37 Chain Mail Armor
33:09 Imperial Age
31:01 Hand Cart
30:33 Loom
30:12 Pikeman
34:00 Capped Ram
36:32 Bow Saw
36:58 Halberdier
38:02 Horse Collar
42:07 Heavy Scorpion
43:24 Conscription
49:22 Blast Furnace
48:36 Heavy Plow
49:18 Ballistas
50:30 Fortified Wall
53:51 Chemistry
52:51 Gold Mining
54:36 Crossbowman
55:10 Fletching
55:20 Padded Archer Armor
55:43 Siege Ram
60:21 Guard Tower
60:52 Ballistics
62:24 Bodkin Arrow
66:47 Onager
Connection lost

Rejoining the realm…

Still unreachable

The connection could not be restored.

Session expired

The server has moved on; the page needs a fresh start.